 Dungeon Crawl Stone Soup version 0.30-a0-651-g0755cc6dcf (webtiles) character file.

Game seed: 1585353997011529880

1012 Fenrisus the Caller (level 8, -20/36 HPs)
             Began as a Felid Summoner on Jan 17, 2023.
             Was an Initiate of Gozag.
             Killed from afar by Maggie (31 damage)
             ... with a bolt of fire
             ... on level 6 of the Dungeon.
             The game lasted 01:34:41 (9022 turns).

Fenrisus the Caller (Felid Summoner)                Turns: 9022, Time: 01:34:41

Health: -20/36     AC:  2    Str:  4    XL:     8   Next: 1%
Magic:  6/17       EV: 24    Int: 19    God:    Gozag
Gold:   488        SH:  0    Dex: 25    Spells: 7/18 levels left
                                        Lives:  0   Deaths: 2

rFire   x . .      SeeInvis +    (weapon unavailable)
rCold   + . .      Faith    .    (shield unavailable)
rNeg    + . .      Spirit   .    (body armour unavailable)
rPois   +          Reflect  .    (helmet unavailable)
rElec   .          Harm     .    (cloak unavailable)
rCorr   .          Rampage  .    (gloves unavailable)
Will    +....                    (boots unavailable)
Stlth   +++                      (no amulet)
HPRegen 0.26/turn                f - ring of positive energy
MPRegen 0.15/turn                j - ring "Voru" {Ice Contam rPois Dex+9}

@: mesmerised, quick
A: very small, claws 1, fangs 3, see invisible, speed 1, shaggy fur 2, stealthy
paws, no weapons or thrown items, no armour, multi-lived
a: Renounce Religion, Potion Petition, Call Merchant, Bribe Branch


You were on level 6 of the Dungeon.
You worshipped Gozag.
Gozag was aware of your devotion.
You visited 2 branches of the dungeon, and saw 10 of its levels.

You collected 625 gold pieces.
You paid 137 gold pieces to Gozag.

Inventory:

Jewellery
 c - a ring of protection from cold
 f - a ring of positive energy (left paw)
 j - the ring "Voru" (right paw) {Ice Contam rPois Dex+9}
   (You acquired it on level 3 of the Dungeon)

   [ring of ice]

   It enhances your ice magic.
   Dex:       It affects your dexterity (+9).
   rF:        It makes you vulnerable to fire.
   rC:        It protects you from cold.
   rPois:     It protects you from poison.
   Contam:    It causes magical contamination when unequipped.
 l - a +4 ring of slaying
Wands
 a - a wand of polymorph (8)
 b - a wand of light (8)
 d - a wand of flame (8)
 p - a wand of mindburst (5)
Scrolls
 e - a scroll of silence {unknown}
 o - 2 scrolls of fog {unknown}
Potions
 g - 2 potions of lignification {unknown}
 h - 4 potions of curing
 i - a potion of invisibility {unknown}
 k - a potion of brilliance {unknown}
 m - a potion of degeneration {unknown}
 n - a potion of flight {unknown}
 r - 3 potions of attraction {unknown}


   Skills:
 + Level 4.8 Fighting
 + Level 6.9 Dodging
 - Level 2.7 Stealth
 + Level 5.6 Spellcasting
 - Level 5.0 Hexes
 + Level 7.0 Summonings
 + Level 2.4 Air Magic


You had 7 spell levels left.
You knew the following spells:

 Your Spells              Type           Power      Damage    Failure   Level
a - Summon Small Mammal   Summ           100%       N/A       1%          1
b - Summon Lightning Spi  Summ/Air       23%        N/A       17%         4
c - Call Canine Familiar  Summ           32%        N/A       1%          3
d - Summon Guardian Gole  Hex/Summ       28%        N/A       3%          3

Your spell library contained the following spells:

 Spells                   Type           Power      Damage    Failure   Level
 Call Imp                 Summ           32%        N/A       1%          2
 Freeze                   Ice            28%        1d5       12%         1
 Magic Dart               Conj           20%        1d4       12%         1
 Lesser Beckoning         Tloc           10%        N/A       19%         2
 Mephitic Cloud           Conj/Pois/Air  8%         N/A       26%         3
 Summon Ice Beast         Ice/Summ       28%        N/A       26%         4
 Summon Mana Viper        Hex/Summ       28%        N/A       26%         5
 Frozen Ramparts          Ice            14%        1d3       34%         3
 Gell's Gravitas          Tloc           5%         N/A       34%         3
 Hailstorm                Conj/Ice       7%         3d4       34%         3
 Teleport Other           Tloc           5%         N/A       34%         3
 Monstrous Menagerie      Summ           16%        N/A       99%         7
 Dispersal                Tloc           2%         N/A       100%        6


Dungeon Overview and Level Annotations

Branches:
Dungeon (9/15)             Temple (1/1) D:5
   Lair: D:8-11         Orc: D:9-12

Altars:
Ashenzari
Cheibriados
Dithmenos
Elyvilon
Fedhas
Gozag
Hepliaklqana
Kikubaaqudgha
Nemelex Xobeh
Okawaru
Qazlal
Ru
Trog
Uskayaw
Wu Jian
Xom
Yredelemnul
Zin
The Shining One

Shops:
D:5 (

Annotations:
D:6 Grinder, Maggie


Innate Abilities, Weirdness & Mutations

You have sharp claws.
You have razor-sharp teeth.
You have supernaturally acute eyesight. (SInv)
You cover ground quickly. (Speed+)
You are covered in thick fur. (AC +2)
Your paws help you pounce on unaware monsters.
You are incapable of wielding weapons or throwing items.
You cannot wear armour.
You gain extra lives every three experience levels.


Message History

There is a stone staircase leading down here.
There is a stone staircase leading up here.
Things that are here:
a +0 whip of electrocution; a +0 robe
Things that are here:
a +0 whip of electrocution; a +0 robe
Casting: Summon Guardian Golem (dangerous; 3% risk of failure)
Confirm with . or Enter, or press ? or * to list all spells.
Casting: Call Canine Familiar (safe; 1% risk of failure)
Confirm with . or Enter, or press ? or * to list all spells.
Casting: Summon Small Mammal (safe; 1% risk of failure)
Confirm with . or Enter, or press ? or * to list all spells.
Casting: Summon Small Mammal (safe; 1% risk of failure)
Confirm with . or Enter, or press ? or * to list all spells.
An electric hum fills the air.
Maggie casts a spell.
Maggie attempts to bespell you!
You are mesmerised by Maggie!
Casting: Summon Lightning Spire (quite dangerous; 17% risk of failure)
Confirm with . or Enter, or press ? or * to list all spells.
A guardian golem appears, shielding your allies.
Maggie casts a spell at you. The bolt of fire hits you!!
The fire burns you terribly!
Ouch! That really hurt!
What are your orders? t - Meow!
Orders for allies: a - Attack new target. r - Retreat! s - Stop attacking. g - Guard the area. f - Follow me.
Anything else - Cancel.
Gang up on whom?
Press: ? - help, Dir - move target, f - Maggie
Aim: Maggie, wielding a +0 glaive and wearing +0 steam dragon scales (mesmerising, ally target) Attack!
Maggie points at you and mumbles some strange words.
The bolt of fire misses your quokka. The bolt of fire hits your hound!
The bolt of fire hits you!! The fire burns you terribly!
Ouch! That really hurt!
You die...
Your body crumbles into a pile of gold.

# #.##..######.#####.#.#
#####.#............#####.#.######
..............................><.
#####.###............###.#.###.##
.......................#.# #.#
##....#.#####....#.#####.###.#
#....#.# #98#.#.#.........#
#....#.# #r.#.#'#.###.######
#....#.# #.@#.....# #.# #...
####....#.#####h.#.....# #.# #.##
...#....#@....r..#.....# #.# #.#
........####@#####.....# #.# #.#
.......................###.###.##
##.####..##..#######'#...........
.........##.## #...###.###.##
##.####)).#. ###.#......... ....#
#.#..>.... ..#........#


You could see Maggie (mesmerising, ally target), a friendly guardian golem
(summoned), a friendly lightning spire (summoned, sheltered), a friendly hound
(summoned, sheltered) and 2 friendly quokkas.

Vanquished Creatures
  A centaur (D:5)
  Dowan (D:6)
  An endoplasm (D:2)
  A giant cockroach (D:2)
  A kobold (D:4)
  A rat (D:1)
6 creatures vanquished.

Vanquished Creatures (collateral kills)
  Duvessa (D:6)
  An ogre (D:5)
  3 phantoms
  2 scorpions
  A necrophage (D:5)
  5 hounds
  A jelly (D:5)
  Jessica (D:2)
  An iguana (D:4)
  2 orc wizards
  A gnoll (D:1)
  6 adders
  A shadow imp (D:5)
  2 white imps
  An ufetubus (D:5)
  2 worms
  A dart slug (D:2)
  12 orcs
  5 bats
  11 endoplasms
  2 giant cockroaches
  11 goblins
  10 hobgoblins
  7 jackals
  3 kobolds
  6 quokkas
  3 ball pythons
  5 frilled lizards
  5 rats
112 creatures vanquished.

Vanquished Creatures (others)
  Pikel (D:6)
  A water moccasin (D:5)
  An ogre (D:5)
  A centaur (D:5)
  A lemure (D:6)
  2 orc priests (D:6)
  Ijyb (D:5)
  16 plants (D:1)
24 creatures vanquished.

Grand Total: 142 creatures vanquished

Notes
Turn   | Place    | Note
-------+----------+-------------------------------------------
     0 | D:1      | Fenrisus the Felid Summoner began the quest for the Orb.
     0 | D:1      | Reached XP level 1. HP: 7/7 MP: 4/4
   374 | D:1      | Reached XP level 2. HP: 11/11 MP: 3/6
   377 | D:1      | Learned a level 2 spell: Call Imp
   879 | D:1      | Reached XP level 3. HP: 14/14 MP: 6/8
   908 | D:1      | Learned a level 3 spell: Call Canine Familiar
  2082 | D:2      | Noticed Jessica
  2371 | D:2      | Killed Jessica
  2372 | D:2      | Reached skill level 5 in Summonings
  2372 | D:2      | Reached XP level 4. HP: 18/18 MP: 3/9
  2542 | D:2      | Learned a level 3 spell: Summon Guardian Golem
  2780 | D:2      | Identified the +2 ring mail of the Quick Grue {*Slow rElec
                  | rN+ Int-4 SInv}
  3239 | D:3      | Found a broken altar of Ashenzari.
  3506 | D:3      | Reached skill level 1 in Hexes
  3553 | D:3      | Found an ornate altar of the Wu Jian Council.
  3938 | D:4      | Noticed a phantom
  3997 | D:3      | Identified 2 scrolls of acquirement
  3997 | D:3      | Acquired a book of Beasts
  4002 | D:3      | Acquired the ring "Voru" {Ice Contam rPois Dex+9}
  4069 | D:4      | Reached XP level 5. HP: 21/21 MP: 1/11
  4081 | D:4      | Reached skill level 1 in Fighting
  4151 | D:4      | Killed a phantom
  4152 | D:4      | Gained mutation: You are covered in thick fur. (AC +2)
                  | [Felid growth]
  4152 | D:4      | Reached XP level 6. HP: 25/25 MP: 8/12
  4574 | D:4      | Found a glowing golden altar of the Shining One.
  4574 | D:4      | Found a shadowy altar of Dithmenos.
  4587 | D:4      | Found a hazy altar of Hepliaklqana.
  4590 | D:4      | Found a faded altar of an unknown god.
  4592 | D:4      | Found a shimmering altar of Xom.
  4881 | D:4      | Became a worshipper of the Shining One
  4933 | D:5      | Entered Level 5 of the Dungeon
  5060 | D:5      | Noticed a water moccasin
  5074 | D:5      | Killed a water moccasin
  5075 | D:5      | Reached XP level 7. HP: 30/30 MP: 6/14
  5264 | D:5      | Found a staircase to the Ecumenical Temple.
  5278 | Temple   | Entered the Ecumenical Temple
  5687 | D:5      | Noticed Ijyb
  5836 | D:5      | Reached skill level 5 in Dodging
  5891 | D:5      | Found a white marble altar of Elyvilon.
  5943 | D:5      | Identified the +3 ring mail of the Prince of Darkness
                  | {Dex+4 Stlth+}
  5972 | D:5      | Reached skill level 6 in Summonings
  6186 | D:5      | The Shining One protects you from harm!
  6191 | D:5      | Reached XP level 8. HP: 18/34 MP: 2/16
  6289 | D:5      | Learned a level 4 spell: Summon Lightning Spire
  6404 | D:5      | Killed Ijyb
  6770 | D:5      | Reached skill level 5 in Hexes
  6776 | D:5      | Found an opulent altar of Gozag.
  6784 | D:5      | Fell from the grace of the Shining One
  6784 | D:5      | Became a worshipper of Gozag Ym Sagoz the Greedy
  6861 | D:5      | Found Ikor's Weapon Emporium.
  7108 | D:6      | Reached skill level 5 in Spellcasting
  7165 | D:6      | You fall into a shaft and drop 3 floors!
  7606 | D:6      | Noticed Maggie
  7611 | D:6      | Killed from afar by Maggie
  7612 | D:6      | Reached XP level 7. HP: -4/31 MP: 11/15
  7648 | D:6      | Reached skill level 1 in Air Magic
  7860 | D:6      | Noticed Dowan
  7864 | D:6      | Noticed Duvessa
  7865 | D:6      | Killed Dowan
  7873 | D:6      | Killed by an exploding themself... ignited by their inner
                  | flame
  7874 | D:6      | Reached XP level 6. HP: -16/28 MP: 0/14
  7937 | D:6      | Killed Duvessa
  8038 | D:6      | Noticed Grinder
  8353 | D:6      | Noticed Pikel
  8376 | D:6      | Killed Pikel
  8377 | D:6      | Reached skill level 7 in Summonings
  8377 | D:6      | Reached XP level 7. HP: 33/33 MP: 5/16
  8585 | D:6      | Reached XP level 8. HP: 36/36 MP: 5/17
  9022 | D:6      | Killed from afar by Maggie

Illustrated notes

Levels and vault maps discovered:
D:1:      psy_arrival_fountain, layout_rooms, serial_bayou,
          serial_bayou_lagoon_a, serial_bayou_pond_c, serial_bayou_ford_a,
          serial_bayou_lake_a, serial_bayou_pond_c, serial_bayou_pond_c,
          minmay_nonomino_d4
D:2:      layout_loops_ring, uniq_jessica
D:3:      layout_rooms, general_overflow_altar, cheibrodos_ashenzari_chains,
          serial_aquarium, aquarium_bridge_square [aquarium_subvault_wall,
          aquarium_subvault_bridge, aquarium_subvault_wall,
          aquarium_subvault_bridge], aquarium_window_fake, aquarium_window_1,
          aquarium_window_fake, aquarium_window_corner, aquarium_view_2e,
          aquarium_balcony_1b
D:4:      layout_gridville, chequers_temple_overflow_minitemple
D:5:      layout_loops_ring, elyvilon_altar_1, grunt_gozag_breadcrumbs,
          minmay_temple_entry_sparse_star, serial_shops, shop, grunt_decor_cap,
          nicolae_zen_rock_garden, uniq_ijyb
D:6:      layout_basic, uniq_grinder, uniq_duvessa, uniq_eustachio, uniq_pikel,
          uniq_maggie
D:7:      layout_loops_ring
D:8:      layout_loops_ring, jmf_multi_god_temple2
D:9:      layout_big_octagon, uniq_psyche, uniq_erica
Temple:   jpeg_temple_clearing

Skill      XL: |  1  2  3  4  5  6  7  8 |
---------------+-------------------------+-----
Spellcasting   | 3 4 5 |  5.6
Summonings     | 5 7 6 |  7.0
Dodging        | 3 4 6 |  6.9
Hexes          | 1 2 3 4 5 |  5.0
Fighting       | 1 2 4 |  4.8
Air Magic      | 2 1 |  2.4
Stealth        | |  2.7

Action                   |  1- 3 |  4- 6 |  7- 9 || total
-------------------------+-------+-------+-------++-------
Melee: Unarmed           |    21 |     4 |     4 ||    29
       Punch             |     2 |       |       ||     2
       Bite              |     1 |     2 |       ||     3
 Cast: Summon Small Mamm |    54 |    40 |    42 ||   136
       Call Imp          |     6 |    12 |       ||    18
       Call Canine Famil |    11 |    34 |    37 ||    82
       Summon Guardian G |       |     6 |    21 ||    27
       Summon Lightning  |       |     2 |     4 ||     6
Evoke: Wand              |       |       |     4 ||     4
  Use: Scroll            |       |    11 |     3 ||    14
       Potion            |       |     2 |     2 ||     4
Armor: Skin              |     2 |     2 |     2 ||     6
Dodge: Dodged            |     8 |    10 |    33 ||    51

Table legend: (Time is in decaauts)
 A = Elapsed time spent in this place.
 B = Non-inter-level travel time spent in this place.
 C = Inter-level travel time spent in this place.
 D = Time resting spent in this place.
 E = Time spent auto-exploring this place.
 F = Levels seen in this place.
 G = Mean time per level.
                   A        B        C        D        E       F      G
               +--------+--------+--------+--------+--------+-----+--------+
         Total |   8047 |   3856 |   4191 |   2093 |      0 |  10 |  804.7 |
       Dungeon |   7871 |   3808 |   4063 |   2048 |      0 |   9 |  874.6 |
        Temple |    175 |     47 |    128 |     45 |      0 |   1 |  175.0 |
               +--------+--------+--------+--------+--------+-----+--------+

Top non-repeatable levels by time:
     D:1: 1621 daAuts
     D:5: 1554 daAuts
     D:6: 1510 daAuts
     D:2: 1182 daAuts
     D:3: 909 daAuts
     D:4: 812 daAuts
  Temple: 175 daAuts
     D:9: 160 daAuts
     D:8: 95 daAuts
     D:7: 25 daAuts
